 Seeded DCSS version 0.30.0-17-ge0270778cf (webtiles) character file.

Game seed: 10786124958312911374 (custom seed)

119 Twinkles the Chopper (level 5, 47/47 HPs)
             Began as a Hill Orc Fighter on May 22, 2023.
             Got out of the dungeon alive.
             The game lasted 00:04:03 (1387 turns).

Twinkles the Chopper (Hill Orc Fighter)             Turns: 1387, Time: 00:04:03

Health: 47/47      AC:  9    Str: 21    XL:     5   Next: 3%
Magic:  5/5        EV:  9    Int:  8    God:
Gold:   92         SH:  4    Dex: 10    Spells: 4/4 levels left

rFire   . . .        a - +0 war axe
rCold   . . .        c - +0 buckler
rNeg    . . .        b - +0 scale mail
rPois   .            (no helmet)
rElec   .            k - +0 cloak
rCorr   .            m - +0 pair of gloves
SInv    .            (no boots)
Will    .....        (no amulet) Stlth
                     (no ring)
HPRegen 0.27/turn    (no ring)
MPRegen 0.09/turn

%: no passive effects
@: no status effects
A: no striking features
a: no special abilities


You escaped.
You visited 1 branch of the dungeon, and saw 4 of its levels.

You collected 125 gold pieces.
You spent 33 gold pieces at shops.

Inventory:

Hand Weapons
 a - a +0 war axe (weapon)
Missiles
 f - 2 throwing nets (quivered)
Armour
 b - a +0 scale mail (worn)
 c - a +0 buckler (worn)
 k - a +0 cloak (worn)
 m - a +0 pair of gloves (worn)
Wands
 d - a wand of digging (3)
Scrolls
 e - 2 scrolls of identify {unknown}
 g - 2 scrolls of magic mapping {unknown}
 h - a scroll of teleportation {unknown}
 j - a scroll of fog {unknown}
Potions
 i - a potion of berserk rage {unknown}
 l - a potion of degeneration {unknown}
 J - 2 potions of curing
 M - a potion of might


   Skills:
 + Level 4.5 Fighting
 * Level 5.1 Axes
 + Level 4.1 Armour
 - Level 3.2 Shields


You had 4 spell levels left.
You didn't know any spells.
Your spell library contained the following spells:

 Spells                   Type           Power      Damage    Failure   Level
 Beastly Appendage        Tmut           0%         N/A       80%         1
 Wereblood                Tmut           0%         N/A       91%         2
 Spider Form              Tmut/Pois      0%         N/A       99%         3


Dungeon Overview and Level Annotations

Branches:
Dungeon (4/15) Zot: 22566
 Temple: D:4-7

Altars:

Shops:
D:1 !


Message History

The frilled lizard barely misses you.
You miss the frilled lizard. The frilled lizard barely misses you.
You slash the frilled lizard!
You kill the frilled lizard!
No target in view!
No target in view!
There is a stone staircase leading up here.
Found a stone staircase leading down.
There is a stone staircase leading down here.
A frilled lizard comes into view.
The frilled lizard hisses angrily.
An adder comes into view.
The adder hisses angrily.
The frilled lizard barely misses you.
You slash the frilled lizard!
You kill the frilled lizard!
You block the adder's attack.
You closely miss the adder. The adder bites you.
You closely miss the adder. You block the adder's attack.
The adder bites you but does no damage.
You slash the adder!
You kill the adder!
You have reached level 5!
You feel stronger.
Unknown command.
You see here an adder corpse.
Found a stone staircase leading up.
There is a stone staircase leading up here.
You see here a +0 falchion.
You see here a +0 falchion.
Done exploring.
Done exploring.
Done exploring.
Done exploring.
Done exploring.
There is an escape hatch in the ceiling here.
A mysterious force pulls you upwards. The hatch slams shut behind you.
There is a staircase leading out of the dungeon here.
Are you sure you want to leave the Dungeon?
This will make you lose the game!
You have escaped!

.................................
##############.....####..........
##.......#.###.........
##...........##.†....#..
#.............#.........
##...........##.........
##....~~~....##......... ##
#....~...~...##......... .##
#....~.@.~....#......... ..##
#....~...~....#......... ...#
#.....~~~.....#......... ..[#
#............##......... ...#
###..........##......... ..##
#.......##.##......... ..##
##......#####......... ...####
###.....# #.....#.... ......#
#.......# ###....####


There were no monsters in sight!

Vanquished Creatures
  3 gnolls (D:2)
  3 adders (D:2)
  A worm (D:2)
  A dart slug (D:1)
  4 ball pythons
  7 bats
  6 endoplasms
  2 giant cockroaches
  2 goblins
  9 hobgoblins
  6 jackals
  3 frilled lizards
  3 kobolds
  2 rats (D:2)
52 creatures vanquished.

Notes
Turn   | Place    | Note
-------+----------+-------------------------------------------
     0 | D:1      | Twinkles the Hill Orc Fighter began the quest for the Orb.
     0 | D:1      | Reached XP level 1. HP: 19/19 MP: 1/1
    43 | D:1      | Reached skill level 3 in Axes
    58 | D:1      | Reached XP level 2. HP: 23/27 MP: 2/2
   388 | D:1      | Reached XP level 3. HP: 33/33 MP: 3/3
   472 | D:1      | Found Mazxauf's Distillery.
   481 | D:1      | Bought a potion of curing for 33 gold pieces
   562 | D:2      | Reached skill level 4 in Axes
   668 | D:2      | Reached XP level 4. HP: 34/40 MP: 4/4
   706 | D:2      | You fall into a shaft and drop 2 floors!
   736 | D:3      | Found a faded altar of an unknown god.
   872 | D:2      | HP: 11/41 [gnoll/+0 whip (6)]
  1048 | D:2      | Reached skill level 5 in Axes
  1265 | D:2      | Reached XP level 5. HP: 47/47 MP: 5/5
  1387 | D:$      | Got out of the dungeon alive.

Illustrated notes

Levels and vault maps discovered:
D:1:      enne_arrival_octagon_isle, layout_rooms, serial_shops, shop,
          minmay_misc_feat_room, minmay_misc_feat_more_columns,
          minmay_pentomino_u4
D:2:      layout_rooms
D:3:      minmay_inner_zag, layout_basic, ebering_ecumenical_altar_petrified
D:4:      cheibrodos_pilgrimage, layout_basic, minmay_misc_feat_ornament

Skill      XL: |  1  2  3  4 |
---------------+-------------+-----
Axes           | 3 4 5 |  5.1
Fighting       | 4 |  4.5
Armour         | 4 |  4.1
Shields        | |  3.2

Action                     |  1- 3 |  4- 6 || total
---------------------------+-------+-------++-------
  Melee: War axe           |    87 |    53 ||   140
 Armour: Scale mail        |    53 |    19 ||    72
  Dodge: Dodged            |    43 |    22 ||    65
  Block: Buckler           |    21 |    12 ||    33
